MID
DELMARVA SHOREBIRDS @ BURLINGTON BEES
09/11/2045
 
TOP OF THE 1ST
Delmarva Shorebirds batting - Pitching for Burlington Bees : RHP Humberto Paniagua
Pitching: RHP Humberto Paniagua
Batting: LHB Eric Jackson 0-0: Foul Ball, location: 2F
0-1: Called Strike
0-2: Strikes out swinging
Batting: LHB Bill Ostlund 0-0: Called Strike
0-1: Ball
1-1: Ground out U3 (Groundball, 34, EV 103.8 MPH)
Batting: RHB Edwin Ramos 0-0: SOLO HOME RUN (Flyball, 7D, EV 96.9 MPH), Distance : 360 ft
Batting: SHB Jorge Brito 0-0: Ball
1-0: Fly out, F9 (Flyball, 9S, EV 80.0 MPH)
Top of the 1st over - 1 run, 1 hit, 0 errors, 0 left on base; Delmarva 1 - Burlington 0
BOTTOM OF THE 1ST
Burlington Bees batting - Pitching for Delmarva Shorebirds : LHP Silas Chinn
Pitching: LHP Silas Chinn
Batting: LHB Justin Alexander 0-0: Fly out, F5 (Popup, 5SF, EV 83.8 MPH)
Batting: RHB Ryan Munro 0-0: Ball
1-0: Fly out, F8 (Line Drive, 8LM, EV 101.9 MPH)
Batting: RHB Jon Griffin 0-0: Called Strike
0-1: Foul Ball, location: 2F
0-2: Strikes out swinging
Bottom of the 1st over - 0 runs, 0 hits, 0 errors, 0 left on base; Delmarva 1 - Burlington 0
TOP OF THE 2ND
Delmarva Shorebirds batting - Pitching for Burlington Bees : RHP Humberto Paniagua
Batting: RHB Jon Zimmerman 0-0: Ball
1-0: Ball
2-0: Called Strike
2-1: Swinging Strike
2-2: Foul Ball, location: 2F
2-2: Strikes out looking
Batting: RHB Adam Swimmer 0-0: Ball
1-0: Ball
2-0: Foul Ball, location: 2F
2-1: Fly out, F7 (Line Drive, 78S, EV 94.4 MPH)
Batting: SHB Eric Tiehen 0-0: Ball
1-0: Foul Ball, location: 2F
1-1: Swinging Strike
1-2: Strikes out looking
Top of the 2nd over - 0 runs, 0 hits, 0 errors, 0 left on base; Delmarva 1 - Burlington 0
BOTTOM OF THE 2ND
Burlington Bees batting - Pitching for Delmarva Shorebirds : LHP Silas Chinn
Batting: RHB Ryuji Ito 0-0: Ball
1-0: Called Strike
1-1: Ball
2-1: Ball
3-1: SINGLE (Line Drive, 9LS, EV 107.5 MPH)
Batting: LHB Griffin Ferris 0-0: Ball
1-0: Ball
2-0: Called Strike
Ryuji Ito steals 2nd base
2-1: Ball
3-1: Foul Ball, location: 2F
3-2: Ground out 6-3 (Groundball, 6, EV 77.5 MPH)
Ryuji Ito to third
Batting: LHB Brett Bugge 0-0: SINGLE (Line Drive, 6D, EV 99.4 MPH)
Ryuji Ito scores
Batting: SHB Tim Connell 0-0: Ground out 5-3 (Groundball, 56S, EV 71.9 MPH)
Brett Bugge to second
Batting: LHB Edgar van der Meeren 0-0: Called Strike
0-1: Foul Ball, location: 2F
0-2: Strikes out swinging
Bottom of the 2nd over - 1 run, 2 hits, 0 errors, 1 left on base; Delmarva 1 - Burlington 1
TOP OF THE 3RD
Delmarva Shorebirds batting - Pitching for Burlington Bees : RHP Humberto Paniagua
Batting: RHB Lee Deason 0-0: SINGLE (Groundball, 6MD, EV 101.9 MPH)
Batting: RHB Kaleb Yerger 0-0: Foul Ball, location: 2F
0-1: Foul Ball, location: 2F
0-2: Foul Ball, location: 2F
0-2: Foul Ball, location: 2F
0-2: SINGLE (Flyball, 6MD, EV 88.8 MPH)
Lee Deason to second
Batting: LHB Eric Jackson 0-0: Ball
1-0: Called Strike
1-1: Swinging Strike
1-2: Fly out, F8 (Flyball, 8LM, EV 89.4 MPH)
Batting: LHB Bill Ostlund 0-0: Ball
1-0: Ball
2-0: Called Strike
2-1: Foul Ball, location: 2F
2-2: Foul Ball, location: 2F
2-2: Grounds into double play, 4-6-3 (Groundball, 4, EV 88.8 MPH)
Top of the 3rd over - 0 runs, 2 hits, 0 errors, 1 left on base; Delmarva 1 - Burlington 1
BOTTOM OF THE 3RD
Burlington Bees batting - Pitching for Delmarva Shorebirds : LHP Silas Chinn
Batting: LHB Jorge Zermeno 0-0: Called Strike
0-1: Ball
1-1: Swinging Strike
1-2: Foul Ball, location: 2F
1-2: Ball
2-2: Foul Ball, location: 2F
2-2: Ball
3-2: Ground out U3 (Groundball, 34, EV 90.6 MPH)
Batting: LHB Justin Alexander 0-0: Ball
1-0: Ground out 6-3 (Groundball, 4MS, EV 88.1 MPH)
Batting: RHB Ryan Munro 0-0: Fly out, F7 (Flyball, 78D, EV 97.5 MPH)
Bottom of the 3rd over - 0 runs, 0 hits, 0 errors, 0 left on base; Delmarva 1 - Burlington 1
TOP OF THE 4TH
Delmarva Shorebirds batting - Pitching for Burlington Bees : RHP Humberto Paniagua
Batting: RHB Edwin Ramos 0-0: Ball
1-0: Called Strike
1-1: Fly out, F2 (Popup, 2RF, EV 91.2 MPH)
Batting: SHB Jorge Brito 0-0: Ball
1-0: Foul Ball, location: 2F
1-1: Swinging Strike
1-2: Ball
2-2: Strikes out swinging
Batting: RHB Jon Zimmerman 0-0: Called Strike
0-1: Called Strike
0-2: Fly out, F7 (Flyball, 7, EV 79.4 MPH)
Top of the 4th over - 0 runs, 0 hits, 0 errors, 0 left on base; Delmarva 1 - Burlington 1
BOTTOM OF THE 4TH
Burlington Bees batting - Pitching for Delmarva Shorebirds : LHP Silas Chinn
Batting: RHB Jon Griffin 0-0: Foul Ball, location: 2F
0-1: SINGLE (Groundball, 6D, EV 107.5 MPH)
Batting: RHB Ryuji Ito 0-0: Ball
1-0: Swinging Strike
1-1: Ball
2-1: Fly out, F9 (Flyball, 9LS, EV 83.1 MPH)
Batting: LHB Griffin Ferris 0-0: Swinging Strike
0-1: Called Strike
0-2: Ball
1-2: Foul Ball, location: 2F
1-2: Ball
2-2: Ball
3-2: Foul Ball, location: 2F
3-2: Foul Ball, location: 2F
3-2: TRIPLE (Flyball, 9LD, EV 101.2 MPH)
Jon Griffin scores
Batting: LHB Brett Bugge 0-0: Foul Ball, location: 2F
0-1: Hit by Pitch
Batting: SHB Tim Connell 0-0: Ball
1-0: Called Strike
1-1: Swinging Strike
1-2: Strikes out swinging
Batting: LHB Edgar van der Meeren 0-0: Ball
1-0: Called Strike
1-1: Called Strike
1-2: Foul Ball, location: 2F
1-2: Foul Ball, location: 2F
1-2: Ground out U3 (Groundball, 3, EV 83.8 MPH)
Bottom of the 4th over - 1 run, 2 hits, 0 errors, 2 left on base; Delmarva 1 - Burlington 2
TOP OF THE 5TH
Delmarva Shorebirds batting - Pitching for Burlington Bees : RHP Humberto Paniagua
Batting: RHB Adam Swimmer 0-0: Fly out, F8 (Flyball, 89D, EV 103.8 MPH)
Batting: SHB Eric Tiehen 0-0: Foul Ball, location: 2F
0-1: Ball
1-1: Called Strike
1-2: Foul Ball, location: 2F
1-2: Ball
2-2: Strikes out swinging
Batting: RHB Lee Deason 0-0: Ground out 5-3 (Groundball, 56, EV 97.5 MPH)
Top of the 5th over - 0 runs, 0 hits, 0 errors, 0 left on base; Delmarva 1 - Burlington 2
BOTTOM OF THE 5TH
Burlington Bees batting - Pitching for Delmarva Shorebirds : LHP Silas Chinn
Batting: LHB Jorge Zermeno 0-0: Swinging Strike
0-1: Called Strike
0-2: Ball
1-2: Ball
2-2: Foul Ball, location: 2F
2-2: Strikes out swinging
Batting: LHB Justin Alexander 0-0: Called Strike
0-1: Ball
1-1: Ground out U3 (Groundball, 34, EV 111.2 MPH)
Batting: RHB Ryan Munro 0-0: Ball
1-0: Foul Ball, location: 2F
1-1: DOUBLE (Line Drive, 78D, EV 107.5 MPH)
Batting: RHB Jon Griffin 0-0: Ball
1-0: SINGLE (Line Drive, 9LS, EV 107.5 MPH)
Ryan Munro to third
Batting: RHB Ryuji Ito 0-0: Ball
1-0: Foul Ball, location: 2F
1-1: Foul Ball, location: 2F
1-2: Foul Ball, location: 2F
1-2: Ball
2-2: DOUBLE (Line Drive, 9LM, EV 94.4 MPH)
Ryan Munro scores
Jon Griffin to third
Pitching: RHP Shane Kruger
Batting: LHB Griffin Ferris 0-0: Ball
1-0: Ball
2-0: Called Strike
2-1: Foul Ball, location: 2F
2-2: Ball
3-2: Foul Ball, location: 2F
3-2: Strikes out swinging
Bottom of the 5th over - 1 run, 3 hits, 0 errors, 2 left on base; Delmarva 1 - Burlington 3
TOP OF THE 6TH
Delmarva Shorebirds batting - Pitching for Burlington Bees : RHP Humberto Paniagua
Batting: RHB Kaleb Yerger 0-0: Swinging Strike
0-1: Ball
1-1: Ball
2-1: Ball
3-1: SINGLE (Groundball, 6D, EV 96.9 MPH)
Batting: LHB Eric Jackson 0-0: Ball
1-0: Ball
2-0: Ball
3-0: Base on Balls
Kaleb Yerger to second
Batting: LHB Bill Ostlund 0-0: SINGLE (Groundball, 6MD, EV 101.2 MPH)
Kaleb Yerger to third
Eric Jackson to second
Runner from 3rd tries for Home, SAFE, throw by CF to home
Batting: RHB Edwin Ramos 0-0: Fielders Choice at 2nd, 4-6 (Groundball, 34, EV 105.0 MPH)
Eric Jackson to third
Batting: SHB Jorge Brito 0-0: Swinging Strike
0-1: Fly out, F8 (Flyball, 8LS, EV 94.4 MPH)
Batting: RHB Jon Zimmerman 0-0: Foul Ball, location: 2F
0-1: Ball
1-1: Ball
Balk!
Eric Jackson scores
Edwin Ramos to second
2-1: Foul Ball, location: 2F
2-2: Ground out 5-3 (Groundball, 56, EV 83.8 MPH)
Top of the 6th over - 2 runs, 2 hits, 0 errors, 1 left on base; Delmarva 3 - Burlington 3
BOTTOM OF THE 6TH
Burlington Bees batting - Pitching for Delmarva Shorebirds : RHP Shane Kruger
Batting: LHB Brett Bugge 0-0: Foul Ball, location: 2F
0-1: Swinging Strike
0-2: Ball
1-2: Ball
2-2: Ball
3-2: Fly out, F5 (Popup, 25, EV 87.5 MPH)
Batting: SHB Tim Connell 0-0: Called Strike
0-1: Ball
1-1: Ball
2-1: Foul Ball, location: 2F
2-2: Strikes out swinging
Batting: LHB Edgar van der Meeren 0-0: Swinging Strike
0-1: Foul Ball, location: 2F
0-2: Strikes out looking
Bottom of the 6th over - 0 runs, 0 hits, 0 errors, 0 left on base; Delmarva 3 - Burlington 3
TOP OF THE 7TH
Delmarva Shorebirds batting - Pitching for Burlington Bees : RHP Humberto Paniagua
Batting: RHB Adam Swimmer 0-0: Ball
1-0: Called Strike
1-1: Foul Ball, location: 2F
1-2: SINGLE (Groundball, 56D, EV 96.2 MPH)
Pitching: RHP Cal Abbott
Batting: SHB Eric Tiehen 0-0: Ball
1-0: Bunted foul
1-1: Bunt missed!
1-2: Ball
2-2: Strikes out swinging
Batting: RHB Lee Deason 0-0: Swinging Strike
Passed Ball!
Adam Swimmer to second
0-1: Foul Ball, location: 2F
0-2: Foul Ball, location: 2F
0-2: SINGLE (Groundball, 56D, EV 98.1 MPH)
Adam Swimmer to third
Runner from 3rd tries for Home, SAFE, throw by LF to home
Lee Deason to second
Batting: RHB Kaleb Yerger 0-0: Foul Ball, location: 2F
0-1: Swinging Strike
0-2: Ball
1-2: Strikes out looking
Batting: LHB Eric Jackson 0-0: Called Strike
0-1: SINGLE (Groundball, 25, EV 59.4 MPH) (infield hit)
Lee Deason to third
Batting: LHB Bill Ostlund 0-0: Ball
1-0: Ball
2-0: Ball
3-0: Called Strike
3-1: Base on Balls
Eric Jackson to second
Batting: RHB Edwin Ramos 0-0: Foul Ball, location: 2F
0-1: GRAND SLAM HOME RUN (Flyball, 7D, EV 97.5 MPH), Distance : 369 ft
Pitching: RHP Manuel Vega
Batting: SHB Jorge Brito 0-0: Ball
1-0: Ball
2-0: Fly out, F4 (Flyball, 34D, EV 80.6 MPH)
Top of the 7th over - 5 runs, 4 hits, 0 errors, 0 left on base; Delmarva 8 - Burlington 3
BOTTOM OF THE 7TH
Burlington Bees batting - Pitching for Delmarva Shorebirds : RHP Shane Kruger
Batting: LHB Jorge Zermeno 0-0: Foul Ball, location: 2F
0-1: Swinging Strike
0-2: Ball
1-2: Ball
2-2: Strikes out swinging
Batting: LHB Justin Alexander 0-0: Hit by Pitch
Batting: RHB Ryan Munro 0-0: Ball
1-0: Called Strike
Justin Alexander steals 2nd base (no throw)
1-1: Foul Ball, location: 2F
1-2: Strikes out looking
Batting: RHB Jon Griffin 0-0: Called Strike
0-1: Called Strike
0-2: Ball
1-2: DOUBLE (Line Drive, 3D, EV 106.2 MPH)
Justin Alexander scores
Pitching: LHP John Dyer
Batting: RHB Ryuji Ito 0-0: Ball
1-0: Swinging Strike
1-1: Ball
2-1: SINGLE (Groundball, 56, EV 100.0 MPH)
Jon Griffin to third
Runner from 3rd tries for Home, SAFE, throw by LF to home
Batting: LHB Griffin Ferris 0-0: Ball
1-0: Called Strike
1-1: Swinging Strike
1-2: Strikes out swinging, 2-3 out at first.
Bottom of the 7th over - 2 runs, 2 hits, 0 errors, 1 left on base; Delmarva 8 - Burlington 5
TOP OF THE 8TH
Delmarva Shorebirds batting - Pitching for Burlington Bees : RHP Manuel Vega
Batting: RHB Jon Zimmerman 0-0: Ball
1-0: Called Strike
1-1: Ball
2-1: Called Strike
2-2: Foul Ball, location: 2F
2-2: Ball
3-2: Base on Balls
Batting: RHB Adam Swimmer 0-0: Called Strike
0-1: Sac Bunt to 2L - play at first, batter OUT! 2-3
Jon Zimmerman to second
Batting: SHB Eric Tiehen 0-0: Intentional Walk
Batting: RHB Lee Deason 0-0: Ball
1-0: Ball
2-0: Ball
3-0: Base on Balls
Jon Zimmerman to third
Eric Tiehen to second
Batting: RHB Kaleb Yerger 0-0: Foul Ball, location: 2F
0-1: Ball
1-1: Swinging Strike
1-2: Ball
2-2: Ball
3-2: Foul Ball, location: 2F
3-2: Foul Ball, location: 2F
3-2: Foul Ball, location: 2F
3-2: SINGLE (Line Drive, 89D, EV 102.5 MPH)
Jon Zimmerman scores
Eric Tiehen to third
Lee Deason to second
Runner from 3rd tries for Home, SAFE, throw by CF to home
Batting: LHB Eric Jackson 0-0: Foul Ball, location: 2F
0-1: Foul Ball, location: 2F
0-2: Ball
1-2: TRIPLE (Flyball, 78XD, EV 96.2 MPH)
Lee Deason scores
Kaleb Yerger scores
Pitching: RHP Tim Mumpower
Batting: LHB Bill Ostlund 0-0: Ground out 4-3 (Groundball, 4, EV 110.6 MPH)
Eric Jackson scores
Batting: RHB Edwin Ramos 0-0: SINGLE (Groundball, 4MS, EV 69.4 MPH) (infield hit)
Batting: SHB Jorge Brito 0-0: Ball
1-0: Swinging Strike
1-1: Ball
2-1: Ball
3-1: Base on Balls
Edwin Ramos to second
Batting: RHB Jon Zimmerman 0-0: Ball
1-0: Ball
2-0: Called Strike
2-1: Called Strike
2-2: Strikes out swinging
Top of the 8th over - 5 runs, 3 hits, 0 errors, 2 left on base; Delmarva 13 - Burlington 5
BOTTOM OF THE 8TH
Burlington Bees batting - Pitching for Delmarva Shorebirds : LHP John Dyer
Batting: LHB Brett Bugge 0-0: Ground out 4-3 (Groundball, 4MS, EV 84.4 MPH)
Batting: SHB Tim Connell 0-0: Foul Ball, location: 2F
0-1: Ball
1-1: Ball
2-1: Foul Ball, location: 2F
2-2: Strikes out looking
Batting: LHB Edgar van der Meeren 0-0: Foul Ball, location: 2F
0-1: Ball
1-1: Ground out 4-3 (Groundball, 4, EV 106.9 MPH)
Bottom of the 8th over - 0 runs, 0 hits, 0 errors, 0 left on base; Delmarva 13 - Burlington 5
TOP OF THE 9TH
Delmarva Shorebirds batting - Pitching for Burlington Bees : RHP Tim Mumpower
Batting: RHB Adam Swimmer 0-0: Ball
1-0: Ball
2-0: Ball
3-0: Base on Balls
Batting: SHB Eric Tiehen 0-0: Foul Ball, location: 2F
0-1: Called Strike
0-2: Foul Ball, location: 2F
0-2: Strikes out swinging
Batting: RHB Lee Deason 0-0: Swinging Strike
0-1: Swinging Strike
0-2: Ball
1-2: Ball
2-2: Strikes out swinging
Batting: RHB Kaleb Yerger 0-0: Called Strike
0-1: Ball
1-1: Swinging Strike
1-2: Foul Ball, location: 2F
1-2: Strikes out swinging
Top of the 9th over - 0 runs, 0 hits, 0 errors, 1 left on base; Delmarva 13 - Burlington 5
BOTTOM OF THE 9TH
Burlington Bees batting - Pitching for Delmarva Shorebirds : LHP John Dyer
Batting: LHB Jorge Zermeno 0-0: Called Strike
0-1: Foul Ball, location: 2F
0-2: Ball
1-2: Ball
2-2: Ground out 6-3 (Groundball, 4, EV 100.0 MPH)
Batting: LHB Justin Alexander 0-0: Called Strike
0-1: Called Strike
0-2: Ball
1-2: Foul Ball, location: 2F
1-2: Foul Ball, location: 2F
1-2: Ground out U3 (Groundball, 3L, EV 83.1 MPH)
Batting: RHB Ryan Munro 0-0: Called Strike
0-1: Foul Ball, location: 2F
0-2: Ground out 3-1 (Groundball, 34S, EV 85.6 MPH)
Bottom of the 9th over - 0 runs, 0 hits, 0 errors, 0 left on base; Delmarva 13 - Burlington 5
Wednesday, June 22nd , 2022 - OOTP Baseball 23.4 Build 64